 Dungeon Crawl Stone Soup version 0.31.0-12-g77e489cdc1 (webtiles) character file.

Game seed: 17706661820551326318

98 Doomgape the Shield-Bearer (level 4, -4/29 HPs)
             Began as a Gargoyle Fighter on Feb 15, 2024.
             Slain by Ijyb
             ... wielding a +0 dagger
              (5 damage)
             ... on level 3 of the Dungeon.
             The game lasted 00:04:51 (1972 turns).

Doomgape the Shield-Bearer (Gargoyle Fighter)       Turns: 1972, Time: 00:04:52

Health: -4/29      AC: 18    Str: 22    XL:     4   Next: 71%
Magic:  4/4        EV:  6    Int:  8    God:
Gold:   115        SH:  5    Dex:  9    Spells: 3/3 levels left

rFire   . . .        a - +0 flail
rCold   . . .        c - +1 buckler
rNeg    + . .        i - +0 plate armour
rPois   ∞            b - +2 helmet
rElec   +            (no cloak)
rCorr   .            (no gloves)
SInv    .            (no boots)
Will    .....        (no amulet) Stlth
                     (no ring)
HPRegen 0.24/turn    (no ring)
MPRegen 0.09/turn

%: no passive effects
@: no status effects
A: sickness immunity, AC +3, negative energy resistance 1, electricity
resistance, torment resistance 1, petrification resistance
a: no special abilities


You were on level 3 of the Dungeon.
You visited 1 branch of the dungeon, and saw 3 of its levels.

You collected 115 gold pieces.

Inventory:

Hand Weapons
 a - a +0 flail (weapon)
Armour
 b - a +2 helmet (worn)
 c - a +1 buckler (worn)
 i - a +0 plate armour (worn)
Jewellery
 o - an amulet of magic regeneration
Scrolls
 d - a scroll of fog
 g - a scroll of vulnerability {unknown}
 j - 2 scrolls of enchant weapon {unknown}
 k - 2 scrolls of amnesia
 l - 3 scrolls of teleportation {unknown}
 m - a scroll of blinking
Potions
 e - 3 potions of curing {unknown}
 f - a potion of attraction {unknown}
 h - a potion of berserk rage {unknown}
 n - a potion of resistance {unknown}


   Skills:
 + Level 4.0 Fighting
 + Level 2.8 Maces & Flails
 + Level 4.0 Armour
 + Level 4.1 Shields


You had 3 spell levels left.
You didn't know any spells.
Your spell library contained the following spells:

 Spells                   Type           Power      Damage    Failure   Level
 Mercury Vapours          Alch/Air       0%         N/A       100%        2
 Mephitic Cloud           Conj/Alch/Air  0%         N/A       100%        3
 Freezing Cloud           Conj/Ice/Air   0%         6-21      100%        5


Dungeon Overview and Level Annotations

Branches:
Dungeon (3/15)

Altars:

Annotations:
D:3 Ijyb


Innate Abilities, Weirdness & Mutations

You are immune to sickness and miasma.
Your stone body is resilient. (AC +3)
You are immune to poison.
You resist negative energy. (rN+)
You are resistant to electric shocks. (rElec)
You are resistant to unholy torment.
You are immune to petrification.


Message History

You sock the frilled lizard!
You kill the frilled lizard!
You hit the rat.
You kill the rat!
No target in view!
No target in view!
Things that are here:
a rat corpse; a frilled lizard corpse You now have 115 gold pieces (gained 6).
There is a stone staircase leading down here.
o - an amulet of magic regeneration A kobold comes into view.
It is wielding a +0 short sword.
Found an escape hatch in the floor.
The kobold shouts!
You hear a shout!
The kobold hits you but does no damage.
Ijyb the Twisted Goblin comes into view.
She is wielding a +0 dagger, wearing a +3 ring mail of fire resistance and carrying a wand of quicksilver.
You hit the kobold.
You kill the kobold!
Ijyb zaps a wand.
The bolt of dispelling energy hits you.
A ribbon worm comes into view.
Ijyb barely misses you.
Things that are here:
a +0 short sword; a stone; a kobold corpse You hit Ijyb but do no damage.
Ijyb zaps a wand.
The bolt of dispelling energy hits you!
You closely miss Ijyb.
The ribbon worm expels a string of sticky webbing.
The stream of webbing hits you but does no damage.
You are caught in a web!
Ijyb hits you with a +0 dagger.
The web tears apart.
Ijyb zaps a wand.
The bolt of dispelling energy hits you!
* * * LOW HITPOINT WARNING * * *
You barely miss Ijyb.
Ijyb screams, "You nasty!
Big nasty!"
Ijyb hits you but does no damage.
You closely miss Ijyb.
Ijyb zaps a wand.
The bolt of dispelling energy misses you.
Ijyb zaps a wand.
The bolt of dispelling energy hits you.
* * * LOW HITPOINT WARNING * * *
You hit Ijyb but do no damage. Ijyb hits you with a +0 dagger.
You die...

#.......#.....#
####.#....###.#
#.#.#.##
#.#.#...
#.#.#####
#.#.##
#....#####.#
#....w.>...#
##..@#####.
#.#..g......
##.#.#####.#
##.## #


You could see Ijyb and a ribbon worm.

Vanquished Creatures
  Terence (D:2)
  Robin (D:2)
  An adder (D:2)
  A dart slug (D:1)
  4 ball pythons
  4 bats (D:1)
  6 endoplasms
  3 giant cockroaches
  7 goblins
  4 hobgoblins
  4 kobolds
  3 quokkas
  4 frilled lizards
  3 rats
46 creatures vanquished.

Notes
Turn   | Place    | Note
-------+----------+-------------------------------------------
     0 | D:1      | Doomgape the Gargoyle Fighter began the quest for the Orb.
     0 | D:1      | Reached XP level 1. HP: 14/14 MP: 1/1
   185 | D:1      | Reached XP level 2. HP: 19/19 MP: 2/2
   344 | D:1      | Found a faded altar of an unknown god.
   596 | D:1      | Reached XP level 3. HP: 23/23 MP: 3/3
  1115 | D:2      | Noticed Terence
  1128 | D:2      | Killed Terence
  1129 | D:2      | Reached XP level 4. HP: 7/29 MP: 4/4
  1357 | D:2      | Noticed Robin
  1379 | D:2      | Killed Robin
  1964 | D:3      | Noticed Ijyb
  1971 | D:3      | HP: 1/29 [Ijyb/bolt of dispelling energy (5)]
  1972 | D:3      | Slain by Ijyb

Illustrated notes

Levels and vault maps discovered:
D:1:      nicolae_arrival_memento_mori, layout_rooms,
          ebering_ecumenical_altar_hall, wad_floor_pattern_1
D:2:      layout_basic, uniq_robin, uniq_terence
D:3:      layout_loops_ring, uniq_jessica, uniq_ijyb

Skill      XL: |  1  2  3  4 |
---------------+-------------+-----
Shields        | 4 |  4.1
Armour         | 4 |  4.0
Fighting       | 4 |  4.0
Maces & Flails | |  2.8

Action                     |  1- 3 |  4- 6 || total
---------------------------+-------+-------++-------
  Melee: Flail             |   111 |    57 ||   168
    Use: Scroll            |     4 |       ||     4
         Potion            |       |     1 ||     1
 Armour: Scale mail        |    92 |       ||    92
         Plate armour      |     9 |    55 ||    64
  Dodge: Dodged            |    69 |    11 ||    80
  Block: Buckler           |    31 |    11 ||    42
